 Dungeon Crawl Stone Soup version 0.30-a0-172-gc5509c9e31 (webtiles) character file.

Game seed: 8917382132998733299

127456 blackman the Carver (level 15, -4/134 HPs)
             Began as a Demigod Wanderer on Oct 1, 2022.
             Slain by a nagaraja
             ... wielding a +2 vorpal spear
              (24 damage)
             ... on level 3 of the Snake Pit.
             The game lasted 01:18:27 (37193 turns).

blackman the Carver (Demigod Wanderer)             Turns: 37193, Time: 01:18:28

Health: -4/134     AC: 31    Str: 17    XL:     15   Next: 99%
Magic:  18/18      EV: 21    Int: 11    God:
Gold:   252        SH: 24    Dex: 41    Spells: 14/14 levels left

rFire   . . .      SeeInvis .    Y - +8 arc blade {discharge, rElec}
rCold   . . .      Faith    .    W - +0 kite shield
rNeg    . . .      Spirit   .    B - +5 chain mail of Card Tricks {+Blink rElec}
rPois   +          Reflect  +    z - +2 helmet
rElec   +          Harm     .    x - +0 cloak
rCorr   .          Rampage  ∞    L - +2 pair of gloves {Dex+3}
Will    +....                    J - +3 pair of seven-league boots {Rampage+∞}
Stlth   ..........               y - amulet of reflection
HPRegen 0.42/turn                v - ring of poison resistance
MPRegen 0.16/turn                Q - +6 ring of strength

@: marked, studying Armour
A: high MP 1, forlorn, divine attributes, shaggy fur 1
a: Evoke Blink


You were on level 3 of the Snake Pit.
You visited 5 branches of the dungeon, and saw 25 of its levels.
You also visited: Bailey and Ice Cave.

You collected 2212 gold pieces.
You spent 1960 gold pieces at shops.

Inventory:

Hand Weapons
 V - a +4 scimitar of flaming
 Y - the +8 arc blade (weapon) {discharge, rElec}
   (You bought it in a shop on level 1 of the Orcish Mines)

   It occasionally unleashes powerful arcs of lightning upon striking a foe.
   These may arc to other adjacent creatures (including the wielder, but dealing
   reduced damage to them) before grounding out.
   rElec:     It insulates you from electricity.
Missiles
 t - 55 poisoned darts (quivered)
 O - 9 curare-tipped darts
Armour
 x - a +0 cloak (worn)
 z - a +2 helmet (worn)
 B - the +5 chain mail of Card Tricks (worn) {+Blink rElec}
   (You found it on level 9 of the Dungeon)

   rElec:     It insulates you from electricity.
   +Blink:    It lets you blink.
 J - the +3 pair of seven-league boots (worn) {Rampage+∞}
   (You bought it in a shop on level 2 of the Orcish Mines)

   Its wearer moves as far as possible in that direction when moving towards
   enemies.
 L - a +2 pair of gloves of dexterity (worn)
 W - a +0 kite shield (worn)
Jewellery
 i - a +6 ring of intelligence
 p - a ring of positive energy
 r - a ring of positive energy
 v - a ring of poison resistance (left hand)
 y - an amulet of reflection (around neck)
 I - a ring of protection from cold
 Q - a +6 ring of strength (right hand)
 S - a ring of resist corrosion
Wands
 a - a wand of iceblast (12)
 w - a wand of polymorph (4)
 D - a wand of mindburst (6)
 K - a wand of digging (6)
 R - a wand of flame (26)
 T - a wand of charming (4)
Scrolls
 c - 4 scrolls of fog
 h - 9 scrolls of teleportation
 k - 4 scrolls of noise
 n - 8 scrolls of enchant weapon
 o - 3 scrolls of blinking
 s - 2 scrolls of enchant armour
 u - 11 scrolls of identify
 C - 3 scrolls of summoning
 F - 3 scrolls of fear
 N - 8 scrolls of amnesia
 P - 3 scrolls of immolation
 U - 3 scrolls of torment {unknown}
 X - 2 scrolls of silence {unknown}
 Z - a scroll of poison {unknown}
Potions
 b - 4 potions of degeneration
 d - 6 potions of brilliance
 e - 8 potions of mutation
 f - 2 potions of attraction
 g - 4 potions of ambrosia
 j - 3 potions of flight
 l - 2 potions of haste
 m - 3 potions of resistance
 q - 4 potions of curing
 A - 4 potions of cancellation
 E - 3 potions of magic {unknown}
 G - 4 potions of might
 H - 4 potions of lignification
 M - a potion of heal wounds


   Skills:
 - Level 12.9 Fighting
 - Level 14.8 Long Blades
 - Level 3.6 Maces & Flails
 * Level 11.2 Armour
 - Level 13.4 Dodging
 - Level 14.6 Shields
 - Level 1.0 Unarmed Combat


You had 14 spell levels left.
You didn't know any spells.
Your spell library contained the following spells:

 Spells                   Type           Power      Damage    Failure   Level
 Apportation              Tloc           0%         N/A       99%         1
 Slow                     Hex            0%         N/A       99%         1
 Summon Small Mammal      Summ           0%         N/A       99%         1
 Blink                    Tloc           0%         N/A       100%        2
 Momentum Strike          Conj/Tloc      0%         3d8       100%        2
 Confusing Touch          Hex            0%         N/A       100%        3
 Ignite Poison            Fire/Tmut/Pois 0%         N/A       100%        3
 Lesser Beckoning         Tloc           0%         N/A       100%        3
 Ozocubu's Armour         Ice            0%         N/A       100%        3
 Vampiric Draining        Necr           0%         2d6       100%        3
 Leda's Liquefaction      Hex/Erth       0%         N/A       100%        4
 Sticky Flame             Conj/Fire      0%         2d3       100%        4
 Summon Lightning Spire   Summ/Air       0%         N/A       100%        4
 Alistair's Intoxication  Tmut/Pois      0%         N/A       100%        5
 Blade Hands              Tmut           0%         N/A       100%        5
 Lee's Rapid Deconstruct  Erth           0%         3d5*      100%        5
 Metabolic Englaciation   Hex/Ice        0%         N/A       100%        5
 Yara's Violent Unravell  Hex/Tmut       0%         3d3       100%        5
 Simulacrum               Ice/Necr       0%         N/A       100%        6
 Statue Form              Tmut/Erth      0%         N/A       100%        6
 Enfeeble                 Hex            0%         N/A       100%        7
 Ozocubu's Refrigeration  Ice            0%         4d7       100%        7
 Storm Form               Tmut/Air       0%         N/A       100%        7
 Ignition                 Fire           0%         3d3       100%        8
 Maxwell's Capacitive Co  Air            0%         ∞         100%        8


Dungeon Overview and Level Annotations

Branches:
Dungeon (14/15)            Temple (0/1) D:6            Lair (5/5) D:9
 Shoals (1/4) Lair:2        Snake (3/4) Lair:3        Slime (0/5) Lair:4
    Orc (2/2) D:10            Elf (0/3) Orc:2        Vaults (0/5) D:13
 Bailey (visited)           IceCv (visited)

Shops:
D:11 *   Orc:1 (   Orc:2 [![?   Snake:1 :==

Annotations:
D:2 Sigmund
D:8 3 runed translucent doors, Splishie's ghost, novice GnWn
D:9 6 transporters
Lair:3 3 runed translucent doors, Xeinaf's ghost, journeyman TrAr
Orc:1 2 transporters, Hati's ghost, journeyman DsFi


Innate Abilities, Weirdness & Mutations

You have an increased reservoir of magic. (+10% MP)
You shall have no god before yourself.
Your divine heritage dramatically boosts your attributes as you level up.
You are covered in fur. (AC +1)


Message History

You are too injured to fight recklessly!
You are too injured to fight recklessly!
You are too injured to fight recklessly!
You are too injured to fight recklessly!
You are too injured to fight recklessly!
You closely miss the nagaraja.
The nagaraja is heavily wounded.
You block the black mamba's attack.
The nagaraja hits you with a +2 vorpal spear.
The nagaraja constricts you. You block the black mamba's attack.
The nagaraja gestures at you while chanting.
You struggle to resist.
The nagaraja constricts you.
You hit the nagaraja.
The nagaraja is severely wounded.
The black mamba misses you.
The nagaraja hits you with a +2 vorpal spear.
The nagaraja constricts you.
You hit the nagaraja.
The nagaraja is severely wounded.
The black mamba bites you!
* * * LOW HITPOINT WARNING * * *
The nagaraja hits you with a +2 vorpal spear!!
* * * LOW HITPOINT WARNING * * *
x2 The nagaraja constricts you.
You block the naga warrior's attack. The black mamba completely misses you.
You feel much better. The nagaraja spits poison at you.
The splash of poison hits you. You resist.
* * * LOW HITPOINT WARNING * * *
The nagaraja constricts you. You block the black mamba's attack.
The naga warrior hits you with a +0 short sword!
* * * LOW HITPOINT WARNING * * *
The nagaraja spits poison at you.
The splash of poison reflects off an invisible shield around you!
The splash of poison hits the nagaraja.
The nagaraja constricts you.
You escape the nagaraja's grasp.
The black mamba barely misses you. You block the black mamba's attack.
The nagaraja closely misses you.
You closely miss the nagaraja. You block the black mamba's attack.
The nagaraja hits you from afar with a +2 vorpal spear!!
You die...

#.#.#.#.#.#.#.##
......†.......###
.#....)#.#.†.###.
###.....###))))##.
#.###.## ###.###.
...#)..# #...##.
##.#'#.## ##.###.
#..N#... ... #.
###@###.# ##.####
# #.NS..### #...#
### #N....# ##.##
..# ...........
#...# #.####
#.#.#.#.#.#. ##.##
#....# ###########
#.# ## ##...######
#'###. #.....##.#
#..... #####.##.#
######


You could see 2 nagarajas, a naga warrior and a black mamba.

Vanquished Creatures
  Jorgrun (Snake:2)
  Mlioglotl (Snake:3)
  Gastronok (Lair:3)
  Frances (Snake:1)
  Agnes (Snake:2)
  2 nagarajas (Snake:3)
  Donald (Orc:2)
  A stone giant (Orc:2)
  The ghost of Zicwidai the Skirmisher, a journeyman DsFE of Qazlal (Snake:2)
  Josephine (Lair:3)
  A merfolk impaler (Shoals:1)
  A yaktaur captain (D:13)
  2 hydras
  2 salamander tyrants (Snake:3)
  Fannar (D:12)
  2 vault guards (Bailey)
  Erolcha (D:12)
  3 merfolk avatars
  A catoblepas (Lair:5)
  An ogre mage (D:12)
  A centaur warrior (Shoals:1)
  4 anacondas
  3 boulder beetles
  3 two-headed ogres
  A naga warrior (Snake:3)
  A tengu warrior (D:12)
  9 naga sharpshooters
  6 shock serpents
  An orc high priest (Orc:2)
  3 salamander mystics
  Amaemon (Lair:2)
  Lodul (D:11)
  8 sea snakes
  4 naga ritualists
  A lindwurm (Lair:4)
  A bog body (IceCv)
  A deep elf pyromancer (D:14)
  7 mana vipers
  2 ugly things
  A necromancer (IceCv)
  6 orc knights
  2 orc sorcerers (Orc:2)
  9 salamanders
  11 cyclopes
  A merfolk siren (Shoals:1)
  6 elephants (Lair:5)
  22 black mambas
  A torpor snail (Lair:1)
  A manticore (D:12)
  5 naga magi
  A water nymph (Shoals:1)
  An orange demon (Lair:2)
  3 rime drakes
  10 cane toads
  2 gargoyles (D:12)
  2 ice statues (IceCv)
  A kobold demonologist (D:9)
  16 komodo dragons
  6 ice devils (IceCv)
  An efreet (D:11)
  2 yaktaurs (D:13)
  2 anaconda simulacra (IceCv)
  2 merfolk (Shoals:1)
  7 trolls
  A wind drake (Lair:5)
  2 hornets (Lair:5)
  2 polar bears
  2 saltlings (Orc:2)
  3 snapping turtles
  16 blink frogs
  4 dream sheep (Lair:1)
  A shadow (D:11)
  A centaur simulacrum (D:12)
  8 wraiths
  45 yaks
  A vampire (D:11)
  2 dire elephant simulacra (IceCv)
  7 wyverns
  5 humans (Bailey)
  A basilisk (D:12)
  6 steam dragons
  3 vampire mosquitoes (D:12)
  A warg (Orc:2)
  6 harpy simulacra (IceCv)
  An acid dragon (D:12)
  Duvessa (D:7)
  16 nagas
  16 water moccasins
  A floating eye (shapeshifter) (D:12)
  A hornet zombie (D:5)
  8 orc warriors
  3 sky beasts
  3 black bears
  5 centaurs
  18 ogres
  9 wolves
  4 kobold brigands
  2 necrophages
  11 bullfrogs
  A gnoll sergeant (D:11)
  5 scorpions
  A water moccasin zombie (D:5)
  A two-headed ogre simulacrum (IceCv)
  7 wights
  16 killer bees
  3 electric eels
  A howler monkey (D:8)
  3 bullfrog zombies (D:5)
  A hound (D:5)
  A centaur zombie (D:5)
  A human zombie (D:5)
  6 jellies
  18 orc priests
  Crazy Yiuf (D:3)
  A gnoll bouda (D:9)
  Terence (D:2)
  4 iguanas
  24 orc wizards
  6 hell rats (Lair:1)
  A killer bee zombie (D:5)
  A polar bear simulacrum (IceCv)
  A boggart simulacrum (D:12)
  9 gnolls
  9 river rats (D:6)
  11 adders
  2 shadow imps
  3 white imps (IceCv)
  A worm (D:2)
  2 dart slugs
  37 orcs
  7 ball pythons
  7 endoplasms
  16 goblins
  6 hobgoblins
  20 kobolds
  8 quokkas
  8 bats
  4 frilled lizards
  14 rats
690 creatures vanquished.

Vanquished Creatures (collateral kills)
  Rupert (D:12)
  A black mamba (Snake:2)
  3 yaks (D:9)
  A naga (Snake:2)
  A kobold brigand (D:9)
  An electric eel (Snake:2)
  A goblin (Bailey)
  5 kobolds (D:9)
14 creatures vanquished.

Vanquished Creatures (others)
  A manticore (Lair:5)
  A salamander (Snake:2)
  Prince Ribbit (Bailey)
  A kobold brigand (D:11)
  2 rats (D:6)
  20 fungi
  57 plants
83 creatures vanquished.

Grand Total: 787 creatures vanquished

Notes
Turn   | Place    | Note
-------+----------+-------------------------------------------
     0 | D:1      | blackman the Demigod Wanderer began the quest for the Orb.
     0 | D:1      | blackman set off with the following items: a +3 mace, a
                  | potion of lignification, a scroll of fog, a +0 robe.
     0 | D:1      | Reached XP level 1. HP: 18/18 MP: 3/3
    84 | D:1      | Reached skill level 1 in Long Blades
   535 | D:1      | Reached XP level 2. HP: 25/25 MP: 4/4
  1185 | D:2      | Noticed Terence
  1194 | D:2      | Gained mutation: You are covered in fur. (AC +1) [potion of
                  | mutation]
  1197 | D:2      | Killed Terence
  1198 | D:2      | Reached XP level 3. HP: 16/30 MP: 5/5
  1788 | D:2      | Reached XP level 4. HP: 33/37 MP: 6/6
  1992 | D:2      | Noticed Sigmund
  3205 | D:3      | Found a runed translucent door.
  3206 | D:3      | Noticed Crazy Yiuf
  3386 | D:3      | Killed Crazy Yiuf
  3387 | D:3      | Reached skill level 1 in Dodging
  3387 | D:3      | Reached XP level 5. HP: 3/42 MP: 7/7
  4400 | D:4      | Reached XP level 6. HP: 49/50 MP: 8/8
  4820 | D:5      | Entered Level 5 of the Dungeon
  4987 | D:4      | Reached skill level 5 in Dodging
  6032 | D:5      | Reached XP level 7. HP: 48/56 MP: 9/9
  6119 | D:5      | Found a large runed translucent door.
  6119 | D:5      | Found a large runed translucent door.
  6171 | D:5      | Identified the +6 dagger "Uxzud" {chaos, rN++}
  6565 | D:5      | Noticed a steam dragon
  6572 | D:5      | Killed a steam dragon
  6939 | D:5      | Reached skill level 5 in Long Blades
  7004 | D:5      | Reached XP level 8. HP: 51/62 MP: 10/10
  8249 | D:6      | Reached XP level 9. HP: 64/68 MP: 11/11
  8305 | D:6      | Noticed a two-headed ogre
  9647 | D:7      | Noticed Duvessa
  9647 | D:7      | Noticed Dowan
  9803 | D:7      | Reached skill level 10 in Long Blades
 10116 | D:7      | Dowan changed into Dowan the centaur
 10116 | D:7      | Noticed Dowan
 10122 | D:7      | Killed Duvessa
 10132 | D:7      | Killed Dowan the centaur
 10935 | D:8      | Found a runed translucent gate.
 10935 | D:8      | Found a runed translucent gate.
 10935 | D:8      | Found a runed translucent gate.
 10936 | D:8      | Noticed Splishie's ghost (novice GnWn)
 11753 | D:9      | Noticed a kobold demonologist
 11773 | D:9      | Reached XP level 10. HP: 64/74 MP: 13/13
 12421 | D:9      | Found a staircase to the Lair.
 12433 | D:9      | Found a transporter.
 12450 | D:9      | Found a transporter.
 12451 | D:9      | Identified the +10 flail of Qazlal's Inspiration {venom,
                  | Will+ Stlth+}
 12769 | D:9      | Found a transporter.
 12773 | D:9      | Found a transporter.
 12860 | D:9      | Found a transporter.
 12861 | D:9      | Found a transporter.
 13262 | D:9      | Identified the +5 chain mail of Card Tricks {+Blink rElec}
 13887 | D:6      | Killed a two-headed ogre
 13888 | D:6      | Reached skill level 5 in Fighting
 14040 | D:6      | Found a staircase to the Ecumenical Temple.
 14220 | D:10     | Entered Level 10 of the Dungeon
 14246 | D:10     | Identified a scroll of acquirement
 14255 | D:10     | Acquired a manual of Shields
 14258 | D:10     | Reached XP level 11. HP: 88/89 MP: 14/14
 14377 | D:10     | Found a flagged portal.
 14386 | Bailey   | Entered a bailey
 14773 | Bailey   | Noticed Prince Ribbit
 14775 | Bailey   | Noticed a vault guard
 14791 | Bailey   | Your ally Prince Ribbit died
 14794 | Bailey   | Killed a vault guard
 14902 | Bailey   | Noticed a vault guard
 14922 | Bailey   | Killed a vault guard
 15485 | D:10     | Reached XP level 12. HP: 51/104 MP: 15/15
 15702 | D:10     | Found a staircase to the Orcish Mines.
 16217 | D:11     | Found Doph's Demolitions Depot.
 16386 | D:11     | Noticed a boulder beetle
 16458 | D:11     | Killed a boulder beetle
 17237 | D:12     | Noticed Lodul
 17386 | D:12     | Noticed a boulder beetle
 17415 | D:11     | Killed Lodul
 17679 | D:11     | Killed a boulder beetle
 17945 | D:12     | Noticed Erolcha
 18361 | D:12     | Killed Erolcha
 18377 | D:12     | Noticed an ogre mage
 18839 | Lair:1   | Entered Level 1 of the Lair of Beasts
 19677 | Lair:1   | Noticed a four-headed hydra
 19692 | Lair:1   | Killed a five-headed hydra
 19741 | Lair:1   | Reached XP level 13. HP: 26/111 MP: 16/16
 20768 | Lair:2   | Noticed Amaemon
 20777 | Lair:2   | Killed Amaemon
 20824 | Lair:2   | Found a staircase to the Shoals.
 21057 | Lair:2   | Reached skill level 10 in Dodging
 21879 | Shoals:1 | Entered Level 1 of the Shoals
 21892 | Lair:3   | Reached skill level 1 in Shields
 21906 | Lair:3   | Found a staircase to the Snake Pit.
 21963 | Lair:3   | Identified the +7 trident of the Middle {vorpal, Drain
                  | Will+ Dex+2}
 21969 | Lair:3   | Found a runed translucent gate.
 21969 | Lair:3   | Found a runed translucent gate.
 21969 | Lair:3   | Found a runed translucent gate.
 21971 | Lair:3   | Noticed Xeinaf's ghost (journeyman TrAr)
 22111 | Lair:3   | Noticed Gastronok
 22124 | Lair:3   | Killed Gastronok
 22153 | Lair:3   | Reached skill level 5 in Shields
 22213 | Lair:3   | Noticed Josephine
 22222 | Lair:3   | Killed Josephine
 23149 | Lair:4   | Identified the +1 leather armour "Geagof" {Rampage Dex+4}
 23223 | Lair:4   | Found a staircase to the Slime Pits.
 23706 | Lair:5   | Entered Level 5 of the Lair of Beasts
 23826 | Lair:5   | Reached skill level 10 in Shields
 24399 | Lair:5   | Reached XP level 14. HP: 116/118 MP: 17/17
 24600 | Lair:5   | Acquired a manual of Armour
 24841 | Lair:5   | Identified the +2 leather armour "Ciewakistrut" {-Cast rF+
                  | Regen+ Str+4}
 24881 | Lair:5   | Got the Volume of the Changing Gathering
 25185 | Orc:1    | Entered Level 1 of the Orcish Mines
 25207 | Orc:1    | Found Ashasuxoz's Antique Weapon Shop.
 25292 | Orc:2    | Entered Level 2 of the Orcish Mines
 25292 | Orc:2    | Found a staircase to the Elven Halls.
 25709 | Orc:1    | Bought the +8 arc blade {discharge, rElec} for 1440 gold
                  | pieces
 25709 | Orc:1    | Found the +8 arc blade {discharge, rElec}
 25763 | Orc:2    | Noticed Donald
 25781 | Orc:2    | Killed Donald
 26048 | Orc:2    | Reached skill level 10 in Fighting
 26485 | Orc:2    | Found Symyatips's Armour Shop.
 26506 | Orc:2    | Found Faptoq's Armour Shoppe.
 26732 | Orc:2    | Found Luwa's Distillery.
 26774 | Orc:2    | Found Ofuqez's Magic Scroll Shoppe.
 26973 | Orc:1    | Found a transporter.
 26975 | Orc:1    | Found a transporter.
 26980 | Orc:1    | Noticed Hati's ghost (journeyman DsFi)
 27286 | D:12     | Paralysed by something for 5 turns
 28183 | D:12     | Noticed Fannar
 28201 | D:12     | Killed Fannar
 28404 | D:12     | Noticed Rupert
 28411 | D:12     | Killed Rupert
 28926 | D:13     | Found a gate to the Vaults.
 28962 | D:13     | Found a frozen archway.
 28985 | IceCv    | Entered an ice cave
 31272 | Orc:2    | Bought the +3 pair of seven-league boots {Rampage+∞} for
                  | 520 gold pieces
 31272 | Orc:2    | Found the +3 pair of seven-league boots {Rampage+∞}
 31715 | Shoals:1 | Identified the +1 trident "Uclavy" {drain, rC+}
 31895 | Shoals:1 | Reached XP level 15. HP: 88/134 MP: 8/18
 32156 | Snake:1  | Entered Level 1 of the Snake Pit
 32162 | Snake:1  | Noticed Frances
 32181 | Snake:1  | Killed Frances
 33157 | Snake:1  | Found Esefotz's Book Shoppe.
 33158 | Snake:1  | Found Suorph's Jewellery Shop.
 33158 | Snake:1  | Found Zietyhaj's Jewellery Shop.
 33634 | Snake:2  | Noticed Zicwidai's ghost (journeyman DsFE)
 33635 | Snake:2  | Found a transporter.
 33871 | Snake:2  | Noticed Agnes
 33882 | Snake:2  | Killed Agnes
 33993 | Snake:2  | Noticed Jorgrun
 34023 | Snake:2  | Killed Jorgrun
 34621 | Snake:2  | Found a transporter.
 34644 | Snake:2  | Killed Zicwidai's ghost
 35354 | Snake:3  | Noticed Mlioglotl
 35960 | Snake:3  | Killed Mlioglotl
 36309 | Snake:3  | Noticed a nagaraja
 36315 | Snake:3  | Killed a nagaraja
 37032 | Snake:3  | Reached skill level 10 in Armour
 37166 | Snake:3  | Noticed a nagaraja
 37177 | Snake:3  | Noticed a nagaraja
 37179 | Snake:3  | Killed a nagaraja
 37187 | Snake:3  | Noticed a nagaraja
 37193 | Snake:3  | Slain by a nagaraja

Illustrated notes

Levels and vault maps discovered:
D:1:      nagdon_arrival_double_spiral, layout_loops_corners
D:2:      layout_basic, minmay_goblin_outpost, uniq_terence, uniq_sigmund
D:3:      layout_loops_corners, lemuel_round_altar, uniq_crazy_yiuf_cottage
D:4:      layout_rooms, mainiacjoe_overflow_24_doors, nrook_campfire,
          minmay_pentomino_pile
D:5:      due_chaos_kobolds, layout_rooms, lemuel_mausoleum_altar_yredelemnul
D:6:      lemuel_ratsnest, layout_loops_ring, minmay_temple_entry_nine_rooms
D:7:      layout_rooms, mainiacjoe_overflow_tiny_flanked,
          grunt_gozag_breadcrumbs, uniq_duvessa
D:8:      layout_rooms, mainiacjoe_overflow_concentric_impassable,
          gammafunk_ghost_ooze, minivault_21
D:9:      layout_loops_ring, nemelex_diamond_rough_becter,
          pdpol_wu_jian_five_deadly_venoms, lair_entry_dummy,
          serial_nicolae_subway, nicolae_sub_station_crystal,
          nicolae_sub_station_stone, nicolae_sub_station_metal
D:10:     layout_small_grid, lemuel_crystal_altar, fedhas_altar_2,
          kennysheep_little_box, orc_0_dummy, enter_bailey_5
D:11:     layout_basic, nicolae_blasting_shop
D:12:     layout_irregular_city, minmay_stone_trees_small, minivault_28,
          uniq_fannar, uniq_lodul, uniq_rupert, uniq_erolcha
D:13:     layout_grid_maze, david_vaults_2, portal_ice_cave_entry_pillars_2
D:14:     layout_irregular_city, grunt_decor_junction, zin_treasury
Lair:1:   layout_chaotic_city, infiniplex_staircase_pool_2
Lair:2:   layout_gridlike, shoals_dummy_entry, uniq_amaemon
Lair:3:   layout_hall_layers, guppyfry_snake_entry_island,
          gammafunk_ghost_split, uniq_josephine, uniq_gastronok
Lair:4:   layout_cave_pods, slime_entry_1, patterned_corridor
Lair:5:   gammafunk_lair_ancient_temple, layout_small_grid, grunt_megastairs_3,
          infiniplex_staircase_pool
Shoals:1: layout_shoals, nicolae_specific_store
Snake:1:  layout_gridlike, lemuel_fruit_tree, minmay_shop_grove, uniq_frances
Snake:2:  layout_honeycomb, gammafunk_ghost_arena, serial_bayou_lake_a,
          uniq_agnes, uniq_jorgrun
Snake:3:  layout_misc_corridors, nicolae_snake_boneroom, uniq_mlioglotl
Orc:1:    layout_diamond_mine, gammafunk_ghost_wrathful_warriors, serial_shops,
          shop, lightli_church_of_beogh
Orc:2:    hellmonk_orc_salted, layout_caves, uniq_donald

Skill      XL: |  1  2  3  4  5  6  7  8  9 10 11 12 13 14 15 |
---------------+----------------------------------------------+-----
Long Blades    | 1 3 4 5 8 11 12 14 | 14.8
Dodging        | 1 3 5 7 8 10 13 | 13.4
Fighting       | 6 9 12 | 12.9
Armour         | 8 11 | 11.2
Shields        | 12 13 14 | 14.6
Maces & Flails | |  3.6
Unarmed Combat | |  1.0

Action                   |  1- 3 |  4- 6 |  7- 9 | 10-12 | 13-15 || total
-------------------------+-------+-------+-------+-------+-------++-------
Melee: Mace              |    70 |   146 |       |       |       ||   216
       Punch             |     2 |     2 |    15 |     6 |     1 ||    26
       Unarmed           |       |     1 |     1 |       |       ||     2
       Dagger            |       |     2 |   606 |    34 |       ||   642
       Great sword       |       |       |       |   487 |   100 ||   587
       Long sword        |       |       |       |    53 |       ||    53
       Scimitar          |       |       |       |     3 |   401 ||   404
       Rapier            |       |       |       |       |   809 ||   809
Throw: Dart              |       |     6 |     2 |    16 |     8 ||    32
Evoke: Wand              |       |     4 |     9 |    16 |     3 ||    32
  Use: Potion            |     3 |     1 |     4 |     4 |    13 ||    25
       Scroll            |       |       |       |    21 |     6 ||    27
 Stab: Sleeping          |     8 |     3 |     1 |       |       ||    12
       Petrified         |       |       |       |       |     4 ||     4
Armor: Robe              |    12 |    16 |       |       |       ||    28
       Skin              |    12 |       |       |       |       ||    12
       Ring mail         |       |    61 |   171 |     2 |       ||   234
       Chain mail        |       |       |       |   304 |   324 ||   628
Dodge: Dodged            |    40 |   118 |   342 |   382 |   440 ||  1322
Block: Other             |       |       |    28 |   138 |    31 ||   197
       Reflection        |       |       |       |     3 |    63 ||    66
       Kite shield       |       |       |       |       |  1005 ||  1005
       Buckler           |       |       |       |       |    28 ||    28

Table legend: (Time is in decaauts)
 A = Elapsed time spent in this place.
 B = Non-inter-level travel time spent in this place.
 C = Inter-level travel time spent in this place.
 D = Time resting spent in this place.
 E = Time spent auto-exploring this place.
 F = Levels seen in this place.
 G = Mean time per level.
                   A        B        C        D        E       F      G
               +--------+--------+--------+--------+--------+-----+--------+
         Total |  36946 |  35143 |   1803 |  11184 |  19035 |  27 | 1368.4 |
       Dungeon |  20938 |  19894 |   1044 |   7497 |   9660 |  14 | 1495.6 |
          Lair |   6211 |   5779 |    432 |    546 |   4277 |   5 | 1242.2 |
        Shoals |    674 |    652 |     22 |      0 |    531 |   1 |  674.0 |
     Snake Pit |   4974 |   4932 |     42 |   1804 |   2580 |   3 | 1658.0 |
  Orcish Mines |   2144 |   1883 |    261 |    192 |   1416 |   2 | 1072.0 |
        Bailey |    702 |    702 |      0 |    415 |    148 |   1 |  702.0 |
      Ice Cave |   1300 |   1300 |      0 |    730 |    420 |   1 | 1300.0 |
               +--------+--------+--------+--------+--------+-----+--------+

Top non-repeatable levels by time:
    D:11: 3179 daAuts
     D:4: 2400 daAuts
 Snake:2: 2354 daAuts
     D:7: 2279 daAuts
  Lair:1: 1909 daAuts
     D:6: 1757 daAuts
     D:3: 1673 daAuts
     D:9: 1653 daAuts
     D:8: 1479 daAuts
   Orc:2: 1433 daAuts
 Snake:1: 1347 daAuts
  Lair:5: 1345 daAuts
   IceCv: 1300 daAuts
 Snake:3: 1272 daAuts
     D:1: 1195 daAuts
